 Dungeon Crawl Stone Soup version 0.22-a0-782-g038298e (webtiles) character file.

37 mhoghedin the Sneak (level 3, -2/21 HPs)
             Began as a Kobold Wizard on July 20, 2018.
             Killed from afar by a white imp (6 damage)
             ... with a puff of frost
             ... summoned by the player character
             ... on level 2 of the Dungeon.
             The game lasted 00:03:17 (2381 turns).

mhoghedin the Sneak (Kobold Wizard)                 Turns: 2381, Time: 00:03:18

Health: -2/21      AC:  2    Str:  4    XL:     3   Next: 60%
Magic:  3/7        EV: 15    Int: 20    God:
Gold:   86         SH:  0    Dex: 13    Spells: 1/8 levels left

rFire    . . .     SeeInvis .   g - +0 dagger
rCold    . . .     Gourm    .   (shield restricted)
rNeg     . . .     Faith    .   a - +0 robe
rPois    .         Spirit   .   b - +0 hat
rElec    .         Reflect  .   (no cloak)
rCorr    .         Harm     .   (no gloves)
MR       .....                  (no boots)
Stlth    ++........             m - amulet of rage {+Rage, !d}
HPRegen  0.07/turn              (no ring)
MPRegen  0.10/turn              (no ring)

@: no status effects
A: small, carnivore
a: Evoke Berserk Rage


You were on level 2 of the Dungeon.
You were not hungry.

You visited 1 branch of the dungeon, and saw 2 of its levels.

You collected 86 gold pieces.

Inventory:

Hand Weapons
 f - a +0 whip
   (You took it off a kobold on level 1 of the Dungeon)
 g - a +0 dagger (weapon)
   (You took it off a kobold on level 1 of the Dungeon)
Armour
 a - a +0 robe (worn)
 b - a +0 hat (worn)
Jewellery
 m - an amulet of rage (around neck) {+Rage, !d}
   (You found it on level 2 of the Dungeon)
Scrolls
 c - 3 scrolls of magic mapping {!r}
 h - a scroll of remove curse
 i - a scroll of teleportation
Potions
 e - a potion of might {unknown}
 k - a potion of haste {unknown}
 l - a potion of magic {unknown}
 o - a potion of degeneration {unknown}
Comestibles
 d - 5 rations


   Skills:
 + Level 1.9 Fighting
 + Level 1.2 Short Blades
 - Level 2.4 Dodging
 + Level 4.0 Stealth
 - Level 3.2 Spellcasting
 - Level 1.0 Conjurations
 - Level 1.0 Summonings
 - Level 1.0 Translocations
 + Level 0.1 Evocations


You had one spell level left.
You knew the following spells:

 Your Spells              Type           Power        Failure   Level  Hunger
b - Blink                 Tloc           N/A          14%         2    ##.....
c - Call Imp              Summ           #.......     14%         2    ##.....
x - Mephitic Cloud        Conj/Pois/Air  #.......     36%         3    ###....

Your spell library contained the following spells:

 Spells                   Type           Power        Failure   Level  Hunger
 Magic Dart               Conj           #...         10%         1    None
 Conjure Flame            Conj/Fire      #.......     34%         3    ###....
 Slow                     Hex            #.......     22%         2    ##.....


Dungeon Overview and Level Annotations

Branches:
Dungeon (2/15)

Altars:


Innate Abilities, Weirdness & Mutations

You are small and have problems with some larger weapons.
You are carnivorous and can eat meat at any time.


Message History

A rat is nearby!
The helpless rat fails to defend itself.
You puncture the rat!
You kill the rat!
No target in view!
No target in view!
No target in view!
No target in view!
As you read the scroll labeled DEACOKKES MUQE, it crumbles to dust.
You feel aware of your surroundings.
It was a scroll of magic mapping.
As you read the scroll labeled COGETS FATAP, it crumbles to dust.
You feel blessed for a moment.
It was a scroll of remove curse.
As you read the scroll labeled OXZOKL RIONIWKI, it crumbles to dust.
It is a scroll of amnesia.
Your memory of Magic Dart unravels.
As you read the scroll labeled ULLYHEH WYPS, it crumbles to dust.
Your ears itch!
It was a scroll of random uselessness.
As you read the scroll labeled YTYAWE UREBB, it crumbles to dust.
You feel strangely unstable.
It was a scroll of teleportation.
A hobgoblin comes into view.
A hobgoblin is nearby!
The hobgoblin shouts!
You hear a shout!
The hobgoblin closely misses you.
You hit the hobgoblin but do no damage.
Your surroundings suddenly seem different.
No target in view!
No target in view!
Found a stone staircase leading down.
h - a scroll of remove curse No target in view!
i - a scroll of teleportation You now have 75 gold pieces (gained 3).
You now have 86 gold pieces (gained 11).
A goblin comes into view.
The goblin shouts!
You hit the goblin. The goblin misses you.
You hit the goblin.
You kill the goblin!
Your Stealth skill increases to level 4!
No target in view!
No target in view!
No target in view!
No target in view!
No target in view!
No target in view!
No target in view!
No target in view!
No target in view!
No target in view!
No target in view!
You open the door.
There is an open door here.
You open the door.
There is an open door here.
You open the door.
There is an open door here.
You open the door.
There is an open door here.
You open the door.
There is an open door here.
You open the door.
There is an open door here.
You open the door.
There is an open door here.
You open the door.
There is an open door here.
There is an open door here.
You open the door.
There is an open door here.
Found an escape hatch in the ceiling.
You see here 7 javelins.
You open the door.
There is an open door here.
An adder comes into view.
The adder hisses angrily.
The adder closely misses you. The adder completely misses you.
You completely miss the adder. The adder barely misses you.
You miss the adder. The adder closely misses you.
You hit the adder. The adder misses you.
You barely miss the adder. The adder bites you. The adder barely misses you.
You take 3 damage, and have 18/21 hp.
You hit the adder but do no damage. The adder completely misses you.
Unknown command.
A beastly little devil appears in a puff of frigid air.
The adder bites you.
You take 1 damage, and have 17/21 hp.
You now have 5/7 mp.
The adder misses you.
A beastly little devil appears in a puff of flame.
The adder misses you.
Your white imp gestures at the adder.
The puff of frost misses the adder.
The puff of frost hits you!
Ouch! That really hurt!
* * * LOW HITPOINT WARNING * * *
You take 13 damage, and have 4/21 hp.
MASSIVE DAMAGE!!
You now have 3/7 mp.
Your white imp gestures at the adder.
The puff of frost misses the adder.
The puff of frost hits you!
You die...

###.#....###..,,,,,,*
.##[#....'.#.#,******
.##.#....#.#.#,*
..#.#..###.#.#,*
#.#.#..###.#.#,*
#.#........#.#,*
#..........#.#####
...............5.#
##>>##.#.#######@#
.......#.# #S#
##.....#.#*****#.#
####...........5#
#..#.#######.#
#......,,,,..#
**##.#.*,**###
********.#,*,*
*,,,,,,,,,,*,*


You could see an adder, a friendly crimson imp and a friendly white imp.

Vanquished Creatures
  A dart slug (D:1)
  6 bats
  3 giant cockroaches
  5 goblins
  A hobgoblin (D:1)
  A ball python (D:1)
  2 frilled lizards (D:1)
  3 kobolds (D:1)
  5 rats
27 creatures vanquished.

Vanquished Creatures (collateral kills)
  2 worms (D:2)
  A giant cockroach (D:2)
  A hobgoblin (D:2)
  A bat (D:2)
  A rat (D:2)
6 creatures vanquished.

Grand Total: 33 creatures vanquished

Notes
Turn   | Place    | Note
-------+----------+-------------------------------------------
     0 | D:1      | mhoghedin the Kobold Wizard began the quest for the Orb.
     0 | D:1      | Reached XP level 1. HP: 10/10 MP: 4/4
    74 | D:1      | Reached skill level 3 in Stealth
   314 | D:1      | Reached skill level 1 in Fighting
   314 | D:1      | Reached XP level 2. HP: 16/16 MP: 0/6
  1144 | D:1      | Reached XP level 3. HP: 15/20 MP: 7/7
  1534 | D:2      | Learned a level 2 spell: Blink
  1537 | D:2      | Learned a level 2 spell: Call Imp
  1544 | D:2      | Learned a level 3 spell: Mephitic Cloud
  1552 | D:2      | Reached skill level 1 in Short Blades
  2049 | D:2      | Found a faded altar of an unknown god.
  2237 | D:2      | Reached skill level 4 in Stealth
  2380 | D:2      | HP: 4/21 [white imp/puff of frost[the player character] (13)]
  2381 | D:2      | Killed from afar by a white imp

Vault maps used:
D:1:      minmay_arrival_floating_metal, minmay_misc_feat_tower
D:2:      chequers_ecumenical_altar_grove, minmay_door_square

Skill      XL: |  1  2  3 |
---------------+----------+-----
Stealth        | 3 4 |  4.0
Fighting       | 1 |  1.9
Short Blades   | 1 |  1.2
Dodging        | |  2.4
Spellcasting   | |  3.2
Conjurations   | |  1.0
Summonings     | |  1.0
Translocations | |  1.0
Evocations     | |  0.1

Action                   || total
-------------------------++-------
Melee: Unarmed           ||     2
       Dagger            ||   112
 Cast: Magic Dart        ||    37
       Call Imp          ||     7
  Use: Scroll            ||     5
 Stab: Sleeping          ||     4
  Eat: Chunk             ||     5
Armor: Robe              ||    15
Dodge: Dodged            ||   114

Table legend:
 A = Spawn XP
 B = Non-spawn XP
 C = Spawn XP percentage of total XP
 D = Spawn monster count
 E = Non-spawn monster count
 F = Spawn count percentage of total count
 G = Total turns spent on level
                    A         B        C        D         E        F      G
               +---------+---------+-------+---------+---------+-------+---------
         Total |       0 |      53 |   0.0 |       0 |      33 |   0.0 |  2381
               +---------+---------+-------+---------+---------+-------+---------
           D:1 |       0 |      30 |   0.0 |       0 |      19 |   0.0 |  1467
           D:2 |       0 |      23 |   0.0 |       0 |      14 |   0.0 |   914
               +---------+---------+-------+---------+---------+-------+---------

Vault maps used:
D:1:      minmay_arrival_floating_metal, minmay_misc_feat_tower
D:2:      chequers_ecumenical_altar_grove, minmay_door_square

Table legend:
 A = Turns spent in this place as a percentage of turns spent in the entire game.
 B = Non-inter-level travel turns spent in this place as a percentage of non-inter-level travel turns spent in the entire game.
 C = Inter-level travel turns spent in this place as a percentage of turns spent in this place.
 D = Turns resting spent in this place as a percentage of non-inter-level travel turns spent in this place.
 E = Turns spent auto-exploring this place as a percentage of non-inter-level travel turns spent in this place.
 F = Non-inter-level travel turns spent in this place divided by the number of levels of this place that you've seen.
                   A       B       C       D       E      F
               +-------+-------+-------+-------+-------+----------------------
         Total | 100.0 | 100.0 |   1.8 |  38.2 |  46.6 | 1169.5
       Dungeon | 100.0 | 100.0 |   1.8 |  38.2 |  46.6 | 1169.5
               +-------+-------+-------+-------+-------+----------------------

Table legend:
 A = Kills in this place as a percentage of kills in entire the game.
 B = Kills by you in this place as a percentage of kills by you in the entire game.
 C = Kills by friends in this place as a percentage of kills by friends in the entire game.
 D = Other kills in this place as a percentage of other kills in the entire game.
 E = Experience gained in this place as a percentage of experience gained in the entire game.
 F = Experience gained in this place divided by the number of levels of this place that you have seen.
                   A       B       C       D       E      F
               +-------+-------+-------+-------+-------+----------------------
         Total | 100.0 | 100.0 | 100.0 |   N/A | 100.0 |  26.5
       Dungeon | 100.0 | 100.0 | 100.0 |   N/A | 100.0 |  26.5
               +-------+-------+-------+-------+-------+----------------------
